| TOP OF THE 1ST |
|
Louisiana State University Tigers batting - Pitching for University of Southern California Trojans : RHP Steve Depre
|
|
Pitching: RHP Steve Depre
|
|
|
Batting: RHB Bernie Benavides
|
0-0: SINGLE (Groundball, 4D, EV 101.2 MPH)
|
|
Batting: RHB David Olivarez
|
0-0: Ball 1-0: Called Strike 1-1: SINGLE (Groundball, 4D, EV 95.0 MPH) Bernie Benavides to second Bernie Benavides to third
|
|
Batting: RHB Stewart Walker
|
0-0: Called Strike 0-1: Swinging Strike 0-2: Strikes out looking
|
|
Batting: LHB Carsten Obenauer
|
0-0: Ball 1-0: Foul Ball, location: 2F 1-1: Fly out, F8 (Flyball, 8RD, EV 101.2 MPH) Runner from 3rd tags up, SCORES, throw by CF
|
|
Batting: LHB Matt Ellington
|
0-0: Swinging Strike 0-1: Ball 1-1: Ball 2-1: DOUBLE (Line Drive, 3D, EV 111.2 MPH) David Olivarez to third Runner from 3rd tries for Home, throw by RF and OUT! 9-4-2
|
| Top of the 1st over - 1 run, 3 hits, 0 errors, 1 left on base; Louisiana State University 1 - University of Southern California 0 |
| BOTTOM OF THE 1ST |
|
University of Southern California Trojans batting - Pitching for Louisiana State University Tigers : RHP Larry Donahue
|
|
Pitching: RHP Larry Donahue
|
|
|
Batting: RHB Liangde Zhou
|
0-0: Called Strike 0-1: Ball 1-1: Ball 2-1: Ball 3-1: Foul Ball, location: 2F 3-2: Strikes out swinging
|
|
Batting: LHB Alonzo Catalan
|
0-0: Ball 1-0: Ground out 5-3 (Groundball, 56, EV 100.6 MPH)
|
|
Batting: RHB Eric Baker
|
0-0: Ball 1-0: Foul Ball, location: 2F 1-1: Called Strike 1-2: Ball 2-2: Ball 3-2: Base on Balls
|
|
Batting: RHB Jeremy McAbee
|
0-0: Ball 1-0: Called Strike 1-1: Fielders Choice at 2nd, 6-4 (Groundball, 6, EV 85.0 MPH)
|
| Bottom of the 1st over - 0 runs, 0 hits, 0 errors, 1 left on base; Louisiana State University 1 - University of Southern California 0 |
| TOP OF THE 2ND |
|
Louisiana State University Tigers batting - Pitching for University of Southern California Trojans : RHP Steve Depre
|
|
Batting: RHB Bobby Hanson
|
0-0: Called Strike 0-1: Ball 1-1: Ball 2-1: Foul Ball, location: 2F 2-2: Ball 3-2: Ground out 4-3 (Groundball, 4, EV 93.8 MPH)
|
|
Batting: LHB Manny Grado
|
0-0: Foul Ball, location: 2F 0-1: Ball 1-1: Ball 2-1: DOUBLE (Flyball, 8LXD, EV 95.0 MPH)
|
|
Batting: SHB Brian Caruso
|
0-0: Called Strike 0-1: Foul Ball, location: 2F 0-2: Ball 1-2: Strikes out swinging
|
|
Batting: RHB Byung-hee Jee
|
0-0: Ball 1-0: Ground out 6-3 (Groundball, 6, EV 103.8 MPH)
|
| Top of the 2nd over - 0 runs, 1 hit, 0 errors, 1 left on base; Louisiana State University 1 - University of Southern California 0 |
| BOTTOM OF THE 2ND |
|
University of Southern California Trojans batting - Pitching for Louisiana State University Tigers : RHP Larry Donahue
|
|
Batting: LHB Eric Rosenstein
|
0-0: Ball 1-0: Called Strike 1-1: Ground out 4-3 (Groundball, 4S, EV 91.9 MPH)
|
|
Batting: RHB John Sandberg
|
0-0: Called Strike 0-1: Ground out 4-3 (Groundball, 4M, EV 85.6 MPH)
|
|
Batting: LHB Roger Kean
|
0-0: Ball 1-0: Ball 2-0: Called Strike 2-1: Foul Ball, location: 2F 2-2: Ball 3-2: SINGLE (Groundball, 34D, EV 95.0 MPH)
|
|
Batting: RHB Jim Baltazar
|
0-0: SINGLE (Groundball, 13, EV 83.1 MPH) (infield hit) Roger Kean to second
|
|
Batting: RHB Tri Kartini
|
0-0: Fly out, F8 (Flyball, 8LM, EV 96.9 MPH)
|
| Bottom of the 2nd over - 0 runs, 2 hits, 0 errors, 2 left on base; Louisiana State University 1 - University of Southern California 0 |
| TOP OF THE 3RD |
|
Louisiana State University Tigers batting - Pitching for University of Southern California Trojans : RHP Steve Depre
|
|
Batting: RHB Bernie Benavides
|
0-0: Foul Ball, location: 2F 0-1: Foul Ball, location: 2F 0-2: Foul Ball, location: 2F 0-2: Fly out, F8 (Flyball, 8RD, EV 100.6 MPH)
|
|
Batting: RHB David Olivarez
|
0-0: Ball 1-0: Ball 2-0: Fly out, F8 (Line Drive, 78D, EV 99.4 MPH)
|
|
Batting: RHB Stewart Walker
|
0-0: Called Strike 0-1: Foul Ball, location: 2F 0-2: Ball 1-2: Ball 2-2: Ball 3-2: Base on Balls
|
|
Batting: LHB Carsten Obenauer
|
0-0: Ball Stewart Walker is caught stealing 2nd base 2-6
|
| Top of the 3rd over - 0 runs, 0 hits, 0 errors, 0 left on base; Louisiana State University 1 - University of Southern California 0 |
| BOTTOM OF THE 3RD |
|
University of Southern California Trojans batting - Pitching for Louisiana State University Tigers : RHP Larry Donahue
|
|
Batting: RHB Liangde Zhou
|
0-0: Ball 1-0: Called Strike 1-1: Swinging Strike 1-2: Ball 2-2: Strikes out swinging
|
|
Batting: LHB Alonzo Catalan
|
0-0: Foul Ball, location: 2F 0-1: Ball 1-1: Ball 2-1: Ground out 6-3 (Groundball, 6, EV 105.6 MPH)
|
|
Batting: RHB Eric Baker
|
0-0: Called Strike 0-1: Ball 1-1: Foul Ball, location: 2F 1-2: Foul Ball, location: 2F 1-2: Fly out, F8 (Line Drive, 8RM, EV 93.8 MPH)
|
| Bottom of the 3rd over - 0 runs, 0 hits, 0 errors, 0 left on base; Louisiana State University 1 - University of Southern California 0 |
| TOP OF THE 4TH |
|
Louisiana State University Tigers batting - Pitching for University of Southern California Trojans : RHP Steve Depre
|
|
Batting: LHB Carsten Obenauer
|
0-0: Called Strike 0-1: Foul Ball, location: 2F 0-2: Ball 1-2: Ball 2-2: Foul Ball, location: 2F 2-2: Ball 3-2: SINGLE (Groundball, 4MD, EV 104.4 MPH)
|
|
Batting: LHB Matt Ellington
|
0-0: Ball Wild Pitch! Carsten Obenauer to second 1-0: Ball 2-0: Foul Ball, location: 2F 2-1: Swinging Strike 2-2: Strikes out swinging
|
|
Batting: RHB Bobby Hanson
|
0-0: Ball 1-0: Ball 2-0: Ground out 4-3 (Groundball, 4, EV 92.5 MPH) Carsten Obenauer to third
|
|
Batting: LHB Manny Grado
|
0-0: Foul Ball, location: 2F 0-1: Foul Ball, location: 2F 0-2: Ball 1-2: Foul Ball, location: 2F 1-2: DOUBLE (Line Drive, 9LM, EV 109.4 MPH) Carsten Obenauer scores
|
|
Batting: SHB Brian Caruso
|
0-0: Called Strike 0-1: Called Strike 0-2: Ball 1-2: Ball 2-2: Ground out 4-3 (Groundball, 4, EV 103.8 MPH)
|
| Top of the 4th over - 1 run, 2 hits, 0 errors, 1 left on base; Louisiana State University 2 - University of Southern California 0 |
| BOTTOM OF THE 4TH |
|
University of Southern California Trojans batting - Pitching for Louisiana State University Tigers : RHP Larry Donahue
|
|
Batting: RHB Jeremy McAbee
|
0-0: Ball 1-0: Ball 2-0: Foul Ball, location: 2F 2-1: Ball 3-1: Fly out, F7 (Flyball, 78D, EV 84.4 MPH)
|
|
Batting: LHB Eric Rosenstein
|
0-0: Called Strike 0-1: Foul Ball, location: 2F 0-2: SINGLE (Line Drive, 6D, EV 98.8 MPH)
|
|
Batting: RHB John Sandberg
|
0-0: DOUBLE (Line Drive, 9LM, EV 105.6 MPH) Eric Rosenstein to third Runner from 3rd tries for Home, SAFE, throw by RF to home
|
|
Batting: LHB Roger Kean
|
0-0: Called Strike 0-1: Ball 1-1: Ground out 4-3 (Groundball, 4M, EV 82.5 MPH) John Sandberg to third
|
|
Batting: RHB Jim Baltazar
|
0-0: Ball 1-0: 2-RUN HOME RUN (Flyball, 78XD, EV 114.4 MPH), Distance : 448 ft
|
|
Batting: RHB Tri Kartini
|
0-0: Ball 1-0: Swinging Strike 1-1: Called Strike 1-2: Ball 2-2: SOLO HOME RUN (Flyball, 9LD, EV 93.1 MPH), Distance : 361 ft
|
|
Batting: RHB Liangde Zhou
|
0-0: DOUBLE (Groundball, 5L, EV 107.5 MPH)
|
|
Batting: LHB Alonzo Catalan
|
0-0: Called Strike 0-1: Ball 1-1: Fly out, F6 (Line Drive, 56D, EV 72.5 MPH)
|
| Bottom of the 4th over - 4 runs, 5 hits, 0 errors, 1 left on base; Louisiana State University 2 - University of Southern California 4 |
| TOP OF THE 5TH |
|
Louisiana State University Tigers batting - Pitching for University of Southern California Trojans : RHP Steve Depre
|
|
Batting: RHB Byung-hee Jee
|
0-0: Called Strike 0-1: Ball 1-1: Ball 2-1: Ground out 6-3 (Groundball, 6, EV 103.8 MPH)
|
|
Batting: RHB Bernie Benavides
|
0-0: Called Strike 0-1: Foul Ball, location: 2F 0-2: Fly out, F6 (Popup, 6MD, EV 56.2 MPH)
|
|
Batting: RHB David Olivarez
|
0-0: Ball 1-0: Ball 2-0: Ball 3-0: Base on Balls
|
|
Pitching: RHP Dave Montoya
|
|
|
Batting: RHB Stewart Walker
|
0-0: Ball 1-0: Ball 2-0: Swinging Strike 2-1: Foul Ball, location: 2F 2-2: Fly out, F7 (Flyball, 7, EV 88.1 MPH)
|
| Top of the 5th over - 0 runs, 0 hits, 0 errors, 1 left on base; Louisiana State University 2 - University of Southern California 4 |
| BOTTOM OF THE 5TH |
|
University of Southern California Trojans batting - Pitching for Louisiana State University Tigers : RHP Larry Donahue
|
|
Batting: RHB Eric Baker
|
0-0: Ball 1-0: Swinging Strike 1-1: Swinging Strike 1-2: Ball 2-2: Foul Ball, location: 2F 2-2: Ground out 6-3 (Groundball, 6, EV 83.1 MPH)
|
|
Batting: RHB Jeremy McAbee
|
0-0: Foul Ball, location: 2F 0-1: Ball 1-1: Ball 2-1: Ball 3-1: Ground out U3 (Groundball, 3L, EV 89.4 MPH)
|
|
Batting: LHB Eric Rosenstein
|
0-0: DOUBLE (Flyball, 78D, EV 94.4 MPH)
|
|
Pitching: RHP Jason Reger
|
|
|
Batting: RHB John Sandberg
|
0-0: Fly out, F7 (Flyball, 78S, EV 88.8 MPH)
|
| Bottom of the 5th over - 0 runs, 1 hit, 0 errors, 1 left on base; Louisiana State University 2 - University of Southern California 4 |
| TOP OF THE 6TH |
|
Louisiana State University Tigers batting - Pitching for University of Southern California Trojans : RHP Dave Montoya
|
|
Batting: LHB Carsten Obenauer
|
0-0: Swinging Strike 0-1: Ground out 4-3 (Groundball, 4, EV 105.0 MPH)
|
|
Batting: LHB Matt Ellington
|
0-0: Called Strike 0-1: Foul Ball, location: 2F 0-2: Fly out, F8 (Flyball, 8LD, EV 102.5 MPH)
|
|
Batting: RHB Bobby Hanson
|
0-0: Called Strike 0-1: Ball 1-1: Swinging Strike 1-2: Strikes out looking
|
| Top of the 6th over - 0 runs, 0 hits, 0 errors, 0 left on base; Louisiana State University 2 - University of Southern California 4 |
| BOTTOM OF THE 6TH |
|
University of Southern California Trojans batting - Pitching for Louisiana State University Tigers : RHP Jason Reger
|
|
Batting: LHB Roger Kean
|
0-0: Called Strike 0-1: Swinging Strike 0-2: Strikes out swinging
|
|
Batting: RHB Jim Baltazar
|
0-0: Called Strike 0-1: Called Strike 0-2: Ball 1-2: Foul Ball, location: 2F 1-2: Ball 2-2: Foul Ball, location: 2F 2-2: Strikes out looking
|
|
Batting: RHB Tri Kartini
|
0-0: Called Strike 0-1: Ball 1-1: Swinging Strike 1-2: Ball 2-2: Fly out, F7 (Flyball, 7, EV 77.5 MPH)
|
| Bottom of the 6th over - 0 runs, 0 hits, 0 errors, 0 left on base; Louisiana State University 2 - University of Southern California 4 |
| TOP OF THE 7TH |
|
Louisiana State University Tigers batting - Pitching for University of Southern California Trojans : RHP Dave Montoya
|
|
Batting: LHB Manny Grado
|
0-0: Ball 1-0: SINGLE (Groundball, 6MD, EV 111.9 MPH)
|
|
Batting: SHB Brian Caruso
|
0-0: Swinging Strike 0-1: Ball 1-1: SINGLE (Line Drive, 7S, EV 96.2 MPH) Manny Grado to second
|
|
Batting: RHB Byung-hee Jee
|
0-0: Ball 1-0: Sac Bunt to 13S - play at first, batter safe! Manny Grado to third Brian Caruso to second
|
|
Batting: RHB Bernie Benavides
|
0-0: Called Strike 0-1: Called Strike 0-2: Ball 1-2: Fly out, F9 (Flyball, 9, EV 72.5 MPH) Runner from 3rd tags up, OUT at HOME! 9-2 Brian Caruso to third Byung-hee Jee to second
|
|
Batting: RHB David Olivarez
|
0-0: Ball 1-0: Swinging Strike 1-1: Foul Ball, location: 2F 1-2: Strikes out swinging
|
| Top of the 7th over - 0 runs, 3 hits, 0 errors, 2 left on base; Louisiana State University 2 - University of Southern California 4 |
| BOTTOM OF THE 7TH |
|
University of Southern California Trojans batting - Pitching for Louisiana State University Tigers : RHP Jason Reger
|
|
Batting: RHB Liangde Zhou
|
0-0: Fly out, F8 (Flyball, 8RXD, EV 95.0 MPH)
|
|
Batting: LHB Alonzo Catalan
|
0-0: Ball 1-0: Ball 2-0: Ball 3-0: Base on Balls
|
|
Batting: RHB Eric Baker
|
0-0: Ball Alonzo Catalan steals 2nd base 1-0: Intentional Walk
|
|
Pinch Hitting: LHB John Rumbolt
|
0-0: Swinging Strike 0-1: Ball 1-1: Fly out, F8 (Flyball, 78D, EV 105.0 MPH)
|
|
Batting: LHB Eric Rosenstein
|
0-0: Foul Ball, location: 2F 0-1: Ball Wild Pitch! Alonzo Catalan to third Eric Baker to second 1-1: Called Strike 1-2: Strikes out swinging
|
| Bottom of the 7th over - 0 runs, 0 hits, 0 errors, 2 left on base; Louisiana State University 2 - University of Southern California 4 |
| TOP OF THE 8TH |
|
Louisiana State University Tigers batting - Pitching for University of Southern California Trojans : RHP Dave Montoya
|
|
Pitching: LHP Bryce Brimhall
|
|
|
Now at SS: Jochen Schanz
|
|
|
Batting: RHB Stewart Walker
|
0-0: Ball 1-0: Ball 2-0: Called Strike 2-1: Swinging Strike 2-2: Strikes out looking
|
|
Batting: LHB Carsten Obenauer
|
0-0: Foul Ball, location: 2F 0-1: Ball 1-1: Foul Ball, location: 2F 1-2: Foul Ball, location: 2F 1-2: Foul Ball, location: 2F 1-2: Strikes out swinging
|
|
Batting: LHB Matt Ellington
|
0-0: Ball 1-0: Ball 2-0: Ball 3-0: Called Strike 3-1: Called Strike 3-2: Fly out, F7 (Flyball, 7, EV 83.1 MPH)
|
| Top of the 8th over - 0 runs, 0 hits, 0 errors, 0 left on base; Louisiana State University 2 - University of Southern California 4 |
| BOTTOM OF THE 8TH |
|
University of Southern California Trojans batting - Pitching for Louisiana State University Tigers : RHP Jason Reger
|
|
Batting: RHB John Sandberg
|
0-0: Called Strike 0-1: Called Strike 0-2: Ball 1-2: Ball 2-2: Fly out, F8 (Line Drive, 8LD, EV 88.1 MPH)
|
|
Batting: LHB Roger Kean
|
0-0: Called Strike 0-1: Ground out U3 (Groundball, 3, EV 88.8 MPH)
|
|
Batting: RHB Jim Baltazar
|
0-0: Swinging Strike 0-1: Foul Ball, location: 2F 0-2: Ball 1-2: Strikes out looking
|
| Bottom of the 8th over - 0 runs, 0 hits, 0 errors, 0 left on base; Louisiana State University 2 - University of Southern California 4 |
| TOP OF THE 9TH |
|
Louisiana State University Tigers batting - Pitching for University of Southern California Trojans : LHP Bryce Brimhall
|
|
Pitching: LHP Cal Blashill
|
|
|
Batting: RHB Bobby Hanson
|
0-0: Ball 1-0: Called Strike 1-1: Ball 2-1: Ball 3-1: Swinging Strike 3-2: Strikes out swinging
|
|
Batting: LHB Manny Grado
|
0-0: Foul Ball, location: 2F 0-1: Foul Ball, location: 2F 0-2: Ball 1-2: Foul Ball, location: 2F 1-2: Fly out, F8 (Flyball, 8RD, EV 96.9 MPH)
|
|
Batting: SHB Brian Caruso
|
0-0: Ball 1-0: Ball 2-0: Foul Ball, location: 2F 2-1: Swinging Strike 2-2: Strikes out swinging
|
| Top of the 9th over - 0 runs, 0 hits, 0 errors, 0 left on base; Louisiana State University 2 - University of Southern California 4 |
|